 Dungeon Crawl Stone Soup version 0.23.2-1-ga50397a6bc (webtiles) character file.

Game seed: 12928592161886189868

17054 Cykl0x the Cleaver (level 12, -1/105 HPs)
             Began as a Minotaur Fighter on May 8, 2019.
             Was a Priest of Makhleb.
             Slain by a troll (9 damage)
             ... summoned by an orange crystal statue
             ... while paralysed
             ... on level 11 of the Dungeon.
             The game lasted 00:31:26 (9415 turns).

Cykl0x the Cleaver (Minotaur Fighter)               Turns: 9415, Time: 00:31:26

Health: -1/105     AC: 20    Str: 25      XL:     12   Next: 15%
Magic:  1/11       EV:  2    Int:  0 (12) God:    Makhleb [***...]
Gold:   707        SH:  0    Dex: 11      Spells: 11/11 levels left

rFire    + + .     SeeInvis +   e - +2 hand axe (elec)
rCold    + + .     Gourm    .   c - +2 shield
rNeg     + + .     Faith    .   h - +0 plate armour
rPois    +         Spirit   .   E - +2 hat
rElec    +         Reflect  .   K - scarf {rC+ rF+}
rCorr    +         Harm     .   j - +1 pair of gloves
MR       .....     NoTele   +   m - +0 pair of boots
Stlth    ..........             S - amulet of the acrobat
HPRegen  0.27/turn              J - ring of Giallyom {-Tele rN++ Int+5 SInv}
MPRegen  0.12/turn              R - ring of Balance {EV+1 Int+2}

@: confused, paralysed, resistant, slowed, lost intelligence, lightly drained
A: retaliatory headbutt, horns 2
a: Minor Destruction, Lesser Servant of Makhleb, Renounce Religion


You were on level 11 of the Dungeon.
You worshipped Makhleb.
Makhleb was most pleased with you.
You were not hungry.

You visited 2 branches of the dungeon, and saw 12 of its levels.
You also visited: Gauntlet.

You collected 707 gold pieces.

Inventory:

Hand Weapons
 e - a +2 hand axe of electrocution (weapon)
 i - a +2 hand axe of chopping
Missiles
 k - 47 javelins (quivered)
 u - 3 tomahawks
Armour
 b - a +0 scale mail
 c - a +2 shield (worn)
 h - a +0 plate armour (worn)
 j - a +1 pair of gloves (worn)
 m - a +0 pair of boots (worn)
 E - a +2 hat (worn)
 K - a scarf of resistance (worn)
Jewellery
 g - an uncursed ring of wizardry
 p - an uncursed ring of resist corrosion
 s - an uncursed ring of stealth
 G - an uncursed ring of protection from fire
 J - the ring of Giallyom (left hand) {-Tele rN++ Int+5 SInv}
   (You found it in a Gauntlet)

   [ring of see invisible]

   It affects your intelligence (+5).
   It greatly protects you from negative energy.
   It lets you see invisible.
   It prevents most forms of teleportation.
 N - an uncursed ring of wizardry
 P - an uncursed ring of protection from magic
 R - the ring of Balance (right hand) {EV+1 Int+2}
   (You found it in a Gauntlet)

   [ring of evasion]

   It affects your evasion (+1).
   It affects your intelligence (+2).
 S - an amulet of the acrobat (around neck)
Wands
 w - a wand of enslavement (5)
 x - a wand of polymorph (13)
 y - a wand of iceblast (12)
 C - a wand of flame (19)
Scrolls
 a - a scroll of amnesia
 l - 5 scrolls of remove curse
 n - a scroll of fog
 B - 3 scrolls of teleportation
 T - a scroll of fear {unknown}
Potions
 d - 2 potions of might
 o - 2 potions of cancellation
 r - 2 potions of heal wounds
 t - a potion of ambrosia
 z - a potion of curing
 A - 2 potions of lignification
 D - 3 potions of brilliance
 F - a potion of agility {unknown}
 L - a potion of invisibility
 O - a potion of mutation
Miscellaneous
 v - a lamp of fire
 H - a fan of gales
 I - a phial of floods
Comestibles
 f - 20 rations
 Q - 5 chunks of flesh


   Skills:
 + Level 9.5(9.4) Fighting
 + Level 12.4(12.3) Axes
 + Level 1.5(1.4) Throwing
 + Level 10.3(10.2) Armour
 * Level 10.0(9.8) Dodging
 + Level 0.7(0.6) Stealth
 + Level 11.5(11.4) Shields
 + Level 1.0(0.9) Evocations


You had 11 spell levels left.
You didn't know any spells.
Your spell library contained the following spells:

 Spells                   Type           Power        Failure   Level  Hunger
 Corona                   Hex            #......      100%        1    ##.....
 Infusion                 Chrm           #...         100%        1    ##.....
 Magic Dart               Conj           #...         100%        1    ##.....
 Shock                    Conj/Air       #...         100%        1    ##.....
 Blink                    Tloc           N/A          100%        2    ###....
 Call Imp                 Summ           #.......     100%        2    ###....
 Ensorcelled Hibernation  Hex/Ice        #.....       100%        2    ###....
 Searing Ray              Conj           #.....       100%        2    ###....
 Shroud of Golubria       Chrm/Tloc      #.........   100%        2    ###....
 Slow                     Hex            #.......     100%        2    ###....
 Song of Slaying          Chrm           #.......     100%        2    ###....
 Swiftness                Chrm/Air       #.......     100%        2    ###....
 Confuse                  Hex            #.......     100%        3    ####...
 Conjure Flame            Conj/Fire      #.......     100%        3    ####...
 Dazzling Spray           Conj/Hex       #.....       100%        3    ####...
 Mephitic Cloud           Conj/Pois/Air  #.......     100%        3    ####...
 Regeneration             Chrm/Necr      #.........   100%        3    ####...
 Spectral Weapon          Hex/Chrm       #.......     100%        3    ####...
 Static Discharge         Conj/Air       #.......     100%        3    ####...
 Tukima's Dance           Hex            #.......     100%        3    ####...
 Airstrike                Air            #.........   100%        4    #####..
 Cause Fear               Hex            #.........   100%        4    #####..
 Force Lance              Conj/Tloc      #.......     100%        4    #####..
 Fulminant Prism          Conj/Hex       #.........   100%        4    #####..
 Iskenderun's Mystic Bla  Conj           #.......     100%        4    #####..
 Lightning Bolt           Conj/Air       #.........   100%        5    ######.
 Silence                  Hex/Air        #.........   100%        5    ######.
 Yara's Violent Unravell  Hex/Tmut       #.........   100%        5    ######.
 Deflect Missiles         Chrm/Air       #.........   100%        6    #######
 Discord                  Hex            #.........   100%        8    #######


Dungeon Overview and Level Annotations

Branches:
Dungeon (11/15)            Temple (1/1) D:5            Lair (0/6) D:11
    Orc (0/2) D:9

Altars:
Ashenzari
Cheibriados
Dithmenos
Elyvilon
Fedhas
Gozag
Hepliaklqana
Kikubaaqudgha
Makhleb
Nemelex Xobeh
Okawaru
Qazlal
Ru
Sif Muna
Trog
Uskayaw
Vehumet
Wu Jian
Xom
Yredelemnul
Zin
The Shining One

Annotations:
D:9 2 runed translucent doors
D:11 1 runed translucent door, exclusion: 3 orange crystal statues


Innate Abilities, Weirdness & Mutations

You reflexively headbutt those who attack you in melee.
You have a pair of horns on your head.


Message History

You are confused.
The hippogriff bites you.
* * * LOW HITPOINT WARNING * * *
The hippogriff pecks you but does no damage.
The hippogriff claws you but does no damage.
The troll bites you!
* * * LOW HITPOINT WARNING * * *
The troll claws you.
* * * LOW HITPOINT WARNING * * *
The troll claws you but does no damage. The orc hits you but does no damage. x2
The orc warrior barely misses you.
The orc warrior hits you but does no damage.
The hippogriff bites you.
* * * LOW HITPOINT WARNING * * *
The hippogriff pecks you but does no damage.
The hippogriff claws you but does no damage.
The orange crystal statue fixes its piercing gaze on you.
Something tries to feed on your intellect!
The orc hits you but does no damage. The troll bites you!
You die...

#...##........##...#,,,##.#
##(..##........##..##*****,*
.#(..##.............# *,*
....).รท...#########.#####*,*
##(.(#....#8.....8#.....#*,*
######..(#.#...#.#..##.#*,*
#...#....oo.#.##*,,,,*
#...+...[uoo'.# ***,,*
#...#..!FH@o#.# ****
##..#.#..T#o#.#
*..#8......#.# *,,#########.#
*,,,,...,,,..# *,,...##***###
***###*


You could see 3 orange crystal statues, a red ugly thing, a hippogriff, a troll,
2 orc warriors, a bullfrog, an orc priest and 3 orcs.

Vanquished Creatures
  A minotaur (Gauntlet)
  A hydra (D:9)
  An unseen horror (D:10)
  An orange crystal statue (D:11)
  2 ugly things (D:11)
  A deep elf mage (D:10)
  A moth of wrath (Gauntlet)
  A gargoyle (D:9)
  2 kobold demonologists (D:11)
  3 trolls
  Prince Ribbit (D:6)
  5 slime creatures (D:11)
  3 hippogriffs
  6 flying skulls (Gauntlet)
  2 redbacks (Gauntlet)
  3 wraiths
  A ynoxinul (Gauntlet)
  5 yaks (D:10)
  A wyvern (D:10)
  2 vampire mosquitoes (D:11)
  A basilisk (D:11)
  2 hungry ghosts (D:9)
  A soldier ant (D:11)
  3 wargs (D:11)
  8 ice beasts
  2 orc warriors
  4 sky beasts
  2 phantoms
  6 ogres
  A crocodile (D:10)
  6 centaurs
  3 bullfrogs
  A big kobold (D:11)
  A scorpion (D:8)
  A troll zombie (D:9)
  13 killer bees
  A wight (D:7)
  5 howler monkeys
  3 centaur zombies
  6 crimson imps
  A quasit (D:11)
  4 bullfrog zombies
  6 hounds
  5 orc priests
  6 jellies
  2 iron imps (Gauntlet)
  3 iguanas
  17 orc wizards
  6 worker ants
  5 ogre zombies (D:9)
  4 gnolls (D:4)
  11 adders
  3 shadow imps
  2 adder zombies
  An ooze (D:1)
  2 worms
  3 adder skeletons
  3 dart slugs
  5 leopard geckos
  35 orcs
  3 ball pythons
  10 bats
  7 giant cockroaches
  2 gnoll zombies (D:7)
  5 goblins
  4 hobgoblins
  2 jackals (D:7)
  13 kobolds
  8 quokkas
  5 frilled lizards
  A hobgoblin skeleton (D:9)
  5 hobgoblin zombies (D:9)
  2 leopard gecko skeletons
  4 orc skeletons (D:9)
  9 orc zombies (D:9)
  2 quokka skeletons
  5 rats
324 creatures vanquished.

Vanquished Creatures (others)
  6 demonic plants (Gauntlet)
6 creatures vanquished.

Grand Total: 330 creatures vanquished

Notes
Turn   | Place    | Note
-------+----------+-------------------------------------------
     0 | D:1      | Cykl0x the Minotaur Fighter began the quest for the Orb.
     0 | D:1      | Reached XP level 1. HP: 19/19 MP: 0/0
   112 | D:1      | Reached XP level 2. HP: 25/27 MP: 1/1
   711 | D:1      | Reached XP level 3. HP: 30/33 MP: 2/2
   857 | D:2      | Found a faded altar of an unknown god.
   942 | D:2      | Found a deep blue altar of Sif Muna.
  1105 | D:2      | Found a hide-covered altar of Uskayaw.
  1549 | D:2      | Reached skill level 3 in Axes
  1549 | D:2      | Reached skill level 1 in Dodging
  1676 | D:3      | Found an ancient bone altar of Kikubaaqudgha.
  1720 | D:3      | Reached XP level 4. HP: 39/40 MP: 3/3
  1798 | D:3      | Reached XP level 5. HP: 36/47 MP: 4/4
  1801 | D:3      | You fall through a shaft for 3 floors!
  1802 | D:6      | Noticed an ice beast
  1805 | D:5      | Entered Level 5 of the Dungeon
  1812 | D:5      | Killed an ice beast
  1812 | D:5      | Reached skill level 4 in Axes
  1822 | D:4      | Reached skill level 1 in Throwing
  1822 | D:4      | Reached XP level 6. HP: 36/53 MP: 5/5
  1824 | D:4      | Reached skill level 5 in Shields
  2267 | D:4      | Noticed an ice beast
  2279 | D:4      | Killed an ice beast
  2307 | D:4      | Reached skill level 5 in Axes
  2319 | D:4      | Reached skill level 5 in Fighting
  2319 | D:4      | Reached XP level 7. HP: 58/61 MP: 6/6
  2330 | D:4      | Reached skill level 5 in Armour
  2697 | D:4      | Found a sparkling altar of Nemelex Xobeh.
  2884 | D:5      | Found a staircase to the Ecumenical Temple.
  2902 | D:5      | Reached skill level 6 in Axes
  2917 | Temple   | Entered the Ecumenical Temple
  3247 | D:5      | Found a sacrificial altar of Ru.
  3570 | D:6      | Reached XP level 8. HP: 69/69 MP: 7/7
  3667 | D:6      | Noticed Prince Ribbit
  3687 | D:6      | Reached skill level 7 in Axes
  3700 | D:6      | Killed Prince Ribbit
  4057 | D:6      | Found a white marble altar of Elyvilon.
  4137 | D:6      | Found a glowing silver altar of Zin.
  4302 | D:6      | Reached skill level 8 in Axes
  4328 | D:6      | Reached skill level 5 in Dodging
  4445 | D:7      | Found a basalt altar of Yredelemnul.
  4478 | D:7      | Reached XP level 9. HP: 67/75 MP: 8/8
  4523 | D:7      | Found an iron altar of Okawaru.
  5110 | D:7      | Found a blossoming altar of Fedhas.
  5515 | D:8      | Reached skill level 9 in Axes
  5568 | D:8      | Found a burning altar of Makhleb.
  5584 | D:8      | Became a worshipper of Makhleb the Destroyer
  5916 | D:9      | Found a staircase to the Orcish Mines.
  5997 | D:9      | Reached * piety under Makhleb
  6059 | D:9      | Found a large runed translucent door.
  6060 | D:9      | Found a large runed translucent door.
  6064 | D:9      | Noticed an eight-headed hydra
  6064 | D:9      | Noticed a troll
  6079 | D:9      | Found a large runed translucent door.
  6079 | D:9      | Found a large runed translucent door.
  6160 | D:9      | Got a twisted rapier
  6161 | D:9      | Identified the cursed +1 rapier of the Spheres {pierce,
                  | rElec rN+ Int+4 Stlth+} (You found it on level 9 of the
                  | Dungeon)
  6399 | D:9      | Reached XP level 10. HP: 80/86 MP: 9/9
  6553 | D:9      | Noticed a gargoyle
  6557 | D:9      | Reached skill level 10 in Axes
  6593 | D:9      | Killed a gargoyle
  6969 | D:9      | Killed an eight-headed hydra
  7130 | D:9      | Found a shattered altar of Ashenzari.
  7201 | D:9      | Found a stormy altar of Qazlal.
  7223 | D:10     | Entered Level 10 of the Dungeon
  7250 | D:10     | Identified a scroll of acquirement
  7411 | D:10     | Killed an unseen horror
  7411 | D:10     | Reached skill level 11 in Axes
  7525 | D:10     | Reached skill level 1 in Evocations
  7525 | D:10     | Reached XP level 11. HP: 91/94 MP: 10/10
  7538 | D:10     | Reached ** piety under Makhleb
  7856 | D:10     | Noticed a deep elf mage
  7865 | D:10     | Killed a deep elf mage
  7865 | D:10     | Reached skill level 10 in Shields
  8077 | D:11     | Found a gate leading to a gauntlet.
  8090 | Gauntlet | Entered a Gauntlet
  8090 | Gauntlet | Found a transporter.
  8101 | Gauntlet | Found a transporter.
  8103 | Gauntlet | Found a transporter.
  8103 | Gauntlet | Found a transporter.
  8118 | Gauntlet | Found a transporter.
  8134 | Gauntlet | Found a transporter.
  8140 | Gauntlet | Found a transporter.
  8156 | Gauntlet | Found a transporter.
  8175 | Gauntlet | Found a transporter.
  8175 | Gauntlet | Noticed a hell beast
  8187 | Gauntlet | Found a transporter.
  8187 | Gauntlet | Noticed a wretched star
  8199 | Gauntlet | Found a transporter.
  8199 | Gauntlet | Noticed a hell hog
  8207 | Gauntlet | Found a large runed translucent door.
  8208 | Gauntlet | Found a large runed translucent door.
  8209 | Gauntlet | Found a large runed translucent door.
  8209 | Gauntlet | Found a large runed translucent door.
  8210 | Gauntlet | Found a runed translucent gate.
  8211 | Gauntlet | Found a transporter.
  8211 | Gauntlet | Found a runed translucent gate.
  8212 | Gauntlet | Found a runed translucent gate.
  8213 | Gauntlet | Found a large runed translucent door.
  8213 | Gauntlet | Found a large runed translucent door.
  8214 | Gauntlet | Found a large runed translucent door.
  8215 | Gauntlet | Found a large runed translucent door.
  8223 | Gauntlet | Found a transporter.
  8223 | Gauntlet | Noticed a green death
  8241 | Gauntlet | Found a transporter.
  8255 | Gauntlet | Found a large runed translucent door.
  8256 | Gauntlet | Found a large runed translucent door.
  8257 | Gauntlet | Found a large runed translucent door.
  8257 | Gauntlet | Found a large runed translucent door.
  8258 | Gauntlet | Found a runed translucent door.
  8259 | Gauntlet | Found a transporter.
  8260 | Gauntlet | Found a runed translucent door.
  8261 | Gauntlet | Found a large runed translucent door.
  8261 | Gauntlet | Found a large runed translucent door.
  8261 | Gauntlet | Found a transporter.
  8262 | Gauntlet | Found a large runed translucent door.
  8263 | Gauntlet | Found a large runed translucent door.
  8337 | Gauntlet | Found a transporter.
  8339 | Gauntlet | Found a transporter.
  8774 | Gauntlet | Got a slimy platinum ring
  8784 | Gauntlet | Identified the ring of Giallyom {-Tele rN++ Int+5 SInv}
                  | (You found it in a Gauntlet)
  8837 | Gauntlet | Noticed a minotaur
  8847 | Gauntlet | Killed a minotaur
  8904 | Gauntlet | Got a crude copper ring
  8906 | Gauntlet | Identified the ring of Balance {EV+1 Int+2} (You found it
                  | in a Gauntlet)
  8927 | D:11     | Reached *** piety under Makhleb
  8983 | D:11     | Reached skill level 10 in Armour
  9049 | D:11     | Found a staircase to the Lair.
  9080 | D:11     | Reached skill level 12 in Axes
  9110 | D:11     | Noticed a cyan ugly thing
  9124 | D:11     | Killed a cyan ugly thing
  9134 | D:11     | Noticed a red ugly thing
  9143 | D:11     | Killed a red ugly thing
  9143 | D:11     | Reached XP level 12. HP: 104/104 MP: 11/11
  9296 | D:11     | Found a runed translucent door.
  9316 | D:11     | Found the +10 large shield of Ignorance {rN+ Int-4}
  9321 | D:11     | Found a runed translucent door.
  9382 | D:11     | Reached skill level 10 in Dodging
  9412 | D:11     | Lost intelligence.
  9415 | D:11     | Slain by a troll

Skill      XL: |  1  2  3  4  5  6  7  8  9 10 11 12 |
---------------+-------------------------------------+-----
Fighting       | 4 5 6 7 8 9 |  9.5
Shields        | 4 5 6 7 8 9 11 | 11.5
Armour         | 4 5 6 7 8 10 | 10.3
Axes           | 3 4 5 6 8 9 11 12 | 12.4
Dodging        | 1 2 3 5 6 8 9 10 | 10.0
Throwing       | 1 |  1.5
Evocations     | 1 |  1.0
Stealth        | |  0.7

Action                   |  1- 3 |  4- 6 |  7- 9 | 10-12 || total
-------------------------+-------+-------+-------+-------++-------
Melee: War axe           |   112 |    12 |       |       ||   124
       Headbutt          |    15 |    16 |    63 |    93 ||   187
       Hand axe          |       |    76 |   375 |   457 ||   908
Throw: Stone             |     2 |       |       |       ||     2
       Javelin           |    10 |       |     5 |     5 ||    20
Evoke: Wand              |       |       |       |     1 ||     1
       Lamp of fire      |       |       |       |     1 ||     1
  Use: Scroll            |     6 |     2 |    12 |     5 ||    25
       Potion            |       |       |       |     4 ||     4
 Stab: Paralysed         |       |       |     1 |       ||     1
  Eat: Chunk             |     3 |     2 |    11 |     7 ||    23
       Ration            |       |       |     2 |     1 ||     3
Armor: Scale mail        |    19 |       |       |       ||    19
       Plate armour      |    54 |    80 |   139 |   239 ||   512
Dodge: Dodged            |    31 |    20 |    65 |   155 ||   271
Block: Shield            |    72 |    52 |   195 |   309 ||   628
